 Dungeon Crawl Stone Soup version 0.31-a0-237-g2d982f9f85 (webtiles) character file.

Game seed: 9795773550470514813

102 qw the Shooter (level 4, -3/36 HPs)
             Began as a Minotaur Hexslinger on July 10, 2023.
             Slain by a gnoll
             ... wielding a +0 spear
              (4 damage)
             ... on level 3 of the Dungeon.
             The game lasted 00:00:36 (1046 turns).

qw the Shooter (Minotaur Hexslinger)                Turns: 1046, Time: 00:00:37

Health: -3/36      AC:  5    Str: 12    XL:     4   Next: 50%
Magic:  4/4        EV: 11    Int: 10    God:
Gold:   56         SH:  0    Dex: 15    Spells: 4/5 levels left

rFire   . . .        Y - +1 sling
rCold   . . .        (no shield)
rNeg    . . .        a - +0 ring mail
rPois   .            (helmet restricted)
rElec   .            (no cloak)
rCorr   +            (no gloves)
SInv    .            (no boots)
Will    .....        (no amulet)
Stlth   +            i - ring of resist corrosion
HPRegen 0.26/turn    (no ring)
MPRegen 0.09/turn

%: no passive effects
@: no status effects
A: horns 2, retaliatory headbutt
a: no special abilities


You were on level 3 of the Dungeon.
You visited 1 branch of the dungeon, and saw 3 of its levels.

You collected 56 gold pieces.


Innate Abilities, Weirdness & Mutations

You have a pair of horns on your head.
You reflexively headbutt those who attack you in melee.


   Skills:
 - Level 2.0 Fighting
 + Level 4.9 Ranged Weapons
 - Level 1.0 Armour
 - Level 2.1 Dodging
 - Level 1.0 Spellcasting
 - Level 2.0 Hexes


You had 4 spell levels left.
You knew the following spells:

 Your Spells              Type           Power      Damage    Failure   Level
a - Slow                  Hex            16%        N/A       34%         1

Your spell library contained the following spells:

 Spells                   Type           Power      Damage    Failure   Level
 Inner Flame              Hex/Fire       2%         N/A       83%         3
 Portal Projectile        Hex/Tloc       4%         N/A       83%         3
 Cause Fear               Hex            2%         N/A       98%         4

Inventory:

Hand Weapons
 Y - a +1 sling (weapon)
Armour
 a - a +0 ring mail (worn)
Jewellery
 h - a ring of protection from cold
 i - a ring of resist corrosion (left hand)
Scrolls
 c - a scroll of identify
 j - a scroll of teleportation {unknown}
Potions
 b - a potion of might {unknown}
 d - a potion of lignification {unknown}
 e - a potion of curing {unknown}
 f - a potion of enlightenment {unknown}
 g - a potion of berserk rage {unknown}

Dungeon Overview and Level Annotations

Branches:
Dungeon (2/15)

Altars:


Message History

The gnoll barely misses you. The gnoll hits you but does no damage.
You shoot a sling bullet. The sling bullet hits the gnoll.
The gnoll is severely wounded.
The gnoll closely misses you. x2; The gnoll hits you but does no damage.
You shoot a sling bullet. The sling bullet hits the gnoll!
You kill the gnoll!
The gnoll closely misses you. x2
You shoot a sling bullet. The sling bullet hits the gnoll.
The gnoll is lightly wounded.
The gnoll hits you from afar with a +0 spear.
The gnoll misses you. The gnoll hits you but does no damage.
The gnoll closely misses you.
You shoot a sling bullet. The sling bullet hits the gnoll.
The gnoll is moderately wounded.
The gnoll hits you from afar with a +0 spear.
The gnoll barely misses you.
You shoot a sling bullet.
The sling bullet hits the gnoll but does no damage.
The gnoll is moderately wounded.
The gnoll barely misses you. x2
You shoot a sling bullet. The sling bullet hits the gnoll.
The gnoll is severely wounded.
The gnoll hits you from afar with a +0 spear.
The gnoll hits you with a +0 club.
You shoot a sling bullet. The sling bullet hits the gnoll.
The gnoll is severely wounded.
The gnoll barely misses you. The gnoll hits you but does no damage.
The gnoll hits you with a +0 club.
The gnoll hits you from afar with a +0 spear.
You shoot a sling bullet.
The sling bullet closely misses the gnoll.
The gnoll hits you from afar with a +0 spear.
The gnoll hits you with a +0 club.
You shoot a sling bullet. The sling bullet hits the gnoll.
You kill the gnoll!
The gnoll hits you but does no damage.
You shoot a sling bullet. The sling bullet hits the gnoll.
The gnoll is almost dead.
The gnoll hits you from afar with a +0 spear. x2
You die...

..... #####.# .....
......# .....#
.....# .... .....#
#.. ...+#.....#
#.### #g.......#
#.#.. #..).....#
#.#.# #.)@# #.#.#
#...####.## #.#.#
#.......... #.#.#
#..........
#.#.#####..........
#.......%..........
###................
#####.#).........
#.#.)........


You could see a gnoll.

Vanquished Creatures
  3 adders
  2 gnolls (D:3)
  4 dart slugs
  An orc (D:3)
  3 endoplasms
  3 giant cockroaches (D:1)
  3 goblins
  3 hobgoblins
  5 kobolds
  5 quokkas
  7 ball pythons
  2 bats (D:1)
  A frilled lizard (D:1)
  6 rats
48 creatures vanquished.

Notes
Turn   | Place    | Note
-------+----------+-------------------------------------------
     0 | D:1      | qw the Minotaur Hexslinger began the quest for the Orb.
     0 | D:1      | Reached XP level 1. HP: 16/16 MP: 1/1
     0 | D:1      | 0 ||| qw: Version: 0.3-a-52-g30416fa
     0 | D:1      | 0 ||| qw: Game counter: 5199
     0 | D:1      | 0 ||| qw: Melee chars always use a shield: true
     0 | D:1      | 0 ||| qw: God list: Okawaru
     0 | D:1      | 0 ||| qw: Allow faded altars: false
     0 | D:1      | 0 ||| qw: Do Orc after clearing Dungeon:15 true
     0 | D:1      | 0 ||| qw: Do second Lair branch before Depths: true
     0 | D:1      | 0 ||| qw: Lair rune preference: random
     0 | D:1      | 0 ||| qw: Goals: Normal
     0 | D:1      | 0 ||| PLANNING D:1-11
    90 | D:1      | Reached skill level 3 in Ranged Weapons
    90 | D:1      | Reached XP level 2. HP: 21/23 MP: 2/2
   469 | D:1      | Reached XP level 3. HP: 29/29 MP: 3/3
   752 | D:1      | 752 ||| UPGRADING to +0 leather armour.
   762 | D:1      | 762 ||| DROPPING +0 robe.
   763 | D:1      | 763 ||| UPGRADING to ring of resist corrosion.
   764 | D:1      | 764 ||| READING scroll labelled TOSTRI XEKINYE.
   765 | D:1      | 765 ||| READING scroll labelled UFURIE TEQUOH.
   766 | D:1      | 766 ||| READING scroll labelled EDITAE KUSS.
   767 | D:1      | 767 ||| READING scroll labelled XUSYIT CUIS.
   768 | D:1      | 768 ||| DROPPING scroll of poison.
   780 | D:2      | Reached skill level 4 in Ranged Weapons
   868 | D:2      | 868 ||| FLEEEEING.
   869 | D:2      | 869 ||| FLEEEEING.
   870 | D:2      | 870 ||| FLEEEEING.
   871 | D:2      | 871 ||| FLEEEEING.
   884 | D:2      | 884 ||| FLEEEEING.
   891 | D:2      | 891 ||| FLEEEEING.
   896 | D:2      | 896 ||| STAIRDANCE
   908 | D:1      | 908 ||| UPGRADING to +0 ring mail.
   918 | D:1      | 918 ||| DROPPING +0 leather armour.
   919 | D:1      | 919 ||| READING 3 scrolls labelled MUPAIL FEDA.
   920 | D:1      | 920 ||| DROPPING 2 scrolls of fog.
   991 | D:2      | You fall into a shaft and drop 1 floor!
  1000 | D:3      | Reached skill level 1 in Armour
  1008 | D:3      | Reached XP level 4. HP: 36/36 MP: 4/4
  1044 | D:3      | HP: 6/36 [gnoll/+0 club (4)]
  1046 | D:3      | HP: 1/36 [gnoll/+0 spear (5)]
  1046 | D:3      | Slain by a gnoll

Levels and vault maps discovered:
D:1:      spicycebolla_green_bress_n_ham, layout_basic
D:2:      layout_rooms
D:3:      layout_basic, serial_shops, nicolae_shop_rolled_up,
          chequers_ecumenical_altar_island, uniq_natasha, uniq_sigmund

Skill      XL: |  1  2  3 |
---------------+----------+-----
Ranged Weapons | 3 4 |  4.9
Fighting       | 2 |  2.0
Armour         | 1 |  1.0
Dodging        | |  2.1
Spellcasting   | |  1.0
Hexes          | |  2.0

Action                     |  1- 3 |  4- 6 || total
---------------------------+-------+-------++-------
   Fire: Sling             |   110 |    23 ||   133
    Use: Scroll            |     5 |       ||     5
 Armour: Robe              |    10 |       ||    10
         Ring mail         |     1 |    10 ||    11
  Dodge: Dodged            |    16 |    22 ||    38

Table legend:
 A = Non-vault XP
 B = Vault XP
 C = Vault XP percentage of total XP
 D = Non-vault monster count
 E = Vault monster count
 F = Vault count percentage of total count
                 A         B        C        D         E       F
            +---------+---------+-------+---------+---------+-------
      Total |     147 |       0 |   0.0 |      48 |       0 |   0.0
            +---------+---------+-------+---------+---------+-------
        D:1 |      49 |       0 |   0.0 |      28 |       0 |   0.0
        D:2 |      33 |       0 |   0.0 |      10 |       0 |   0.0
        D:3 |      65 |       0 |   0.0 |      10 |       0 |   0.0
            +---------+---------+-------+---------+---------+-------
